 Dungeon Crawl Stone Soup version 0.32-a0-30-gefbe487952 (webtiles) character file.

Game seed: 13720744723287321243

29 senseless the Magician (level 3, 0/26 HPs)
             Began as a Djinni Fire Elementalist on Jan 19, 2024.
             Hit by a goblin thrown by Robin (2 damage)
             ... on level 2 of the Dungeon.
             The game lasted 00:03:06 (632 turns).

senseless the Magician (Djinni Fire Elementalist)    Turns: 632, Time: 00:03:08

Health: 0/26       AC:  2    Str:  7    XL:     3   Next: 32%
Gold:   119        EV: 12    Int: 18    God:
                   SH:  0    Dex: 13

rFire   + + .        c - +0 falchion
rCold   x . .        (no shield)
rNeg    . . .        a - +0 robe
rPois   ∞            (no helmet)
rElec   .            (no cloak)
rCorr   .            (no gloves)
SInv    .            (boots unavailable)
Will    .....        (no amulet)
Stlth   ++           (no ring)
HPRegen 0.24/turn    (no ring)
MPRegen 0.00/turn

%: infuse magic (-1 HP)
@: flying
A: sickness immunity, fire resistance 2, cold vulnerability 1, float, innate
caster, HP casting, extra vitality 1
a: no special abilities


You were on level 2 of the Dungeon.
You visited 1 branch of the dungeon, and saw 2 of its levels.

You collected 119 gold pieces.

Inventory:

Hand Weapons
 c - a +0 falchion (weapon)
Missiles
 d - 2 javelins
Armour
 a - a +0 robe (worn)
Scrolls
 b - a scroll of amnesia {unknown}
 e - 2 scrolls of identify {unknown}


   Skills:
 + Level 0.8 Fighting
 * Level 2.8 Dodging
 + Level 1.9 Stealth
 * Level 3.4 Spellcasting
 * Level 3.4 Conjurations
 * Level 3.4 Hexes
   Level 0.0 Charms
 * Level 3.4 Summonings
 * Level 3.4 Necromancy
 * Level 3.4 Translocations
   Level 0.0 Transmutations
 * Level 3.4 Fire Magic
 * Level 3.4 Ice Magic
 * Level 3.4 Air Magic
 * Level 3.4 Earth Magic
 * Level 3.4 Alchemy


You knew the following spells:

 Your Spells              Type           Power      Damage    Failure   Level
a - Foxfire               Conj/Fire      60%        2x1d7     3%          1
b - Scorch                Fire           30%        2d6       6%          2
c - Volatile Blastmotes   Fire/Tloc      30%        2d12      12%         3
d - Inner Flame           Hex/Fire       15%        N/A       12%         3
e - Flame Wave            Conj/Fire      15%        2d7       36%         4
f - Sandblast             Erth           30%        2d9       3%          1
Your spell library was empty.

Dungeon Overview and Level Annotations

Branches:
Dungeon (2/15)

Altars:

Annotations:
D:2 Robin


Innate Abilities, Weirdness & Mutations

You are immune to sickness and miasma.
You are immune to poison.
Your flesh is very heat resistant. (rF++)
You are vulnerable to cold. (rC-)
You float through the air rather than walking.
You learn spells naturally, not from books.
Your magical power is your life essence.
You have superior vitality. (+4 MHP)


Message History

You hear a shout! x2
Casting: Foxfire (safe; 4% risk of failure)
Confirm with . or Enter, or press ? or * to list all spells.
Okay, then.
The blast of sand hits the goblin.
You kill the goblin!
The bat completely misses you.
The blast of sand hits the hobgoblin.
The hobgoblin is moderately wounded.
The hobgoblin hits you. x2
You are too injured to fight recklessly!
Casting: Sandblast (safe; 4% risk of failure)
Confirm with . or Enter, or press ? or * to list all spells.
Flames lash the bat.
You kill the bat!
You hear a shout! x2
The hobgoblin hits you.
* * * LOW HITPOINT WARNING * * *
Casting: Scorch (safe; 6% risk of failure)
Confirm with . or Enter, or press ? or * to list all spells.
Flames lash Robin.
Robin is heavily wounded.
Robin's fire resistance burns away.
* * * LOW HITPOINT WARNING * * *
You hear an angry hiss.
The hobgoblin barely misses you.
Casting: Scorch (safe; 6% risk of failure)
Confirm with . or Enter, or press ? or * to list all spells.
Flames lash the hobgoblin.
You kill the hobgoblin!
* * * LOW HITPOINT WARNING * * *
A goblin comes into view. It is wielding a +0 club.
Casting: Scorch (safe; 6% risk of failure)
Confirm with . or Enter, or press ? or * to list all spells.
Flames lash Robin.
Robin is burned terribly!
Robin is severely wounded.
* * * LOW HITPOINT WARNING * * *
Robin throws the goblin at you!
You die...
Robin lets out a smug laugh.

########### #.........#
#.#######.# #.#
###.############# #.#
#................
####.####..#.###.#########
#..........#.# #g#
#.##.#####.#.# #@# ..##.#
#.# #g# .###.#
#.#..).....# .....#
#.#.......ggg .######
#.#........#g .......
########## #######
######## ........


You could see Robin (combustible) and a goblin (strong).

Vanquished Creatures
  A dart slug (D:1)
  A ball python (D:1)
  2 endoplasms (D:1)
  A giant cockroach (D:1)
  6 goblins
  2 hobgoblins
  2 quokkas (D:1)
  3 bats
  A frilled lizard (D:1)
  3 kobolds (D:1)
  A rat (D:1)
23 creatures vanquished.

Vanquished Creatures (others)
  68 foxfires
68 creatures vanquished.

Grand Total: 91 creatures vanquished

Notes
Turn   | Place    | Note
-------+----------+-------------------------------------------
     0 | D:1      | senseless the Djinni Fire Elementalist began the quest for
                  | the Orb.
     0 | D:1      | senseless set off with the following spells memorised:
                  | Foxfire, Scorch, Volatile Blastmotes, Inner Flame, Flame
                  | Wave.
     0 | D:1      | Reached XP level 1. HP: 15/15 MP: 0/0
   144 | D:1      | Reached XP level 2. HP: 18/21 MP: 0/0
   501 | D:1      | Reached XP level 3. HP: 24/26 MP: 0/0
   501 | D:1      | Learned a level 1 spell: Sandblast
   619 | D:2      | Noticed Robin
   632 | D:2      | Hit by a goblin thrown by Robin

Illustrated notes

Levels and vault maps discovered:
D:1:      mrwooster_arrival_statue, layout_basic
D:2:      layout_basic, serial_shops, shop, nicolae_houndstooth_variations,
          uniq_natasha, uniq_sigmund, uniq_robin

Action                     || total
---------------------------++-------
  Melee: Falchion          ||     5
   Cast: Foxfire           ||    41
         Scorch            ||     5
         Sandblast         ||     2
 Armour: Robe              ||     8
  Dodge: Dodged            ||     4

Table legend: (Time is in decaauts)
 A = Elapsed time spent in this place.
 B = Non-inter-level travel time spent in this place.
 C = Inter-level travel time spent in this place.
 D = Time resting spent in this place.
 E = Time spent auto-exploring this place.
 F = Levels seen in this place.
 G = Mean time per level.
                   A        B        C        D        E       F      G
               +--------+--------+--------+--------+--------+-----+--------+
         Total |    633 |    607 |     26 |      0 |    497 |   2 |  316.5 |
       Dungeon |    633 |    607 |     26 |      0 |    497 |   2 |  316.5 |
               +--------+--------+--------+--------+--------+-----+--------+

Top non-repeatable levels by time:
     D:1: 569 daAuts
     D:2: 63 daAuts
